 Dungeon Crawl Stone Soup version 0.30-a0-586-g23e55c9e0a (webtiles) character file.

Game seed: 14864325335484163455

3406 xdchan the Reanimator (level 9, -3/61 HPs)
             Began as a Demonspawn Necromancer on Jan 3, 2023.
             Was an Initiate of Vehumet.
             Slain by a two-headed hydra (13 damage)
             ... on level 8 of the Dungeon.
             The game lasted 00:41:40 (9485 turns).

xdchan the Reanimator (Demonspawn Necromancer)      Turns: 9485, Time: 00:41:40

Health: -3/61      AC:  5    Str:  8    XL:     9   Next: 75%
Magic:  0/21       EV:  8    Int: 22    God:    Vehumet [......]
Gold:   373        SH:  0    Dex: 18    Spells: 15/25 levels left

rFire   + . .      SeeInvis +    q - +2 dagger (elec)
rCold   + . .      Faith    .    (no shield)
rNeg    . . .      Spirit   .    v - +2 robe {rC+ rF+}
rPois   .          Reflect  .    y - +0 helmet of Quantum Leap {Dex+5}
rElec   .          Harm     .    (no cloak)
rCorr   .          Rampage  .    (gloves unavailable)
Will    .....                    (no boots)
Stlth   ++                       (no amulet)
HPRegen 0.30/turn                D - ring of see invisible
MPRegen 0.17/turn                (no ring)

@: no status effects
A: foul stench 1, reduced EV 1, demonic touch 3
a: Renounce Religion


You were on level 8 of the Dungeon.
You worshipped Vehumet.
Vehumet was noncommittal.
You visited 1 branch of the dungeon, and saw 8 of its levels.

You collected 373 gold pieces.

Inventory:

Hand Weapons
 q - a +2 dagger of electrocution (weapon)
 s - a +3 dagger
 J - a +4 short sword
Armour
 a - a +0 robe
 g - a +0 pair of gloves
 v - a +2 robe of resistance (worn)
 y - the +0 helmet of Quantum Leap (worn) {Dex+5}
   (You found it on level 4 of the Dungeon)

   Dex:       It affects your dexterity (+5).
Magical Staves
 x - a staff of poison
 H - a staff of cold
Jewellery
 l - a ring of fire
 B - a ring of fire
 D - a ring of see invisible (left hand)
Wands
 b - a wand of digging (2)
Scrolls
 e - 2 scrolls of noise {unknown}
 h - 2 scrolls of teleportation {unknown}
 i - 4 scrolls of magic mapping {unknown}
 j - 8 scrolls of identify {unknown}
 p - 3 scrolls of fear {unknown}
 r - 4 scrolls of enchant armour {unknown}
 t - 2 scrolls of blinking {unknown}
 u - a scroll of silence {unknown}
 w - a scroll of immolation {unknown}
 E - a scroll of fog {unknown}
 F - 3 scrolls of amnesia {unknown}
 G - a scroll of enchant weapon {unknown}
Potions
 c - 4 potions of attraction {unknown}
 d - 5 potions of might {unknown}
 k - 8 potions of heal wounds {unknown}
 m - 2 potions of ambrosia {unknown}
 n - 3 potions of mutation {unknown}
 o - 4 potions of berserk rage {unknown}
 z - a potion of degeneration {unknown}
 A - 4 potions of haste {unknown}
 C - 3 potions of cancellation {unknown}
 I - a potion of lignification {unknown}


   Skills:
 + Level 1.7 Fighting
 + Level 0.4 Short Blades
 + Level 0.5 Staves
 + Level 3.1 Dodging
 + Level 2.5 Stealth
 + Level 1.6 Unarmed Combat
 + Level 8.6 Spellcasting
 + Level 10.4 Necromancy
 + Level 3.0 Ice Magic


You had 15 spell levels left.
You knew the following spells:

 Your Spells              Type           Power      Damage    Failure   Level
a - Necrotise             Necr           100%       1d9       1%          1
b - Vampiric Draining     Necr           53%        2d9       1%          3
c - Agony                 Necr           53%        N/A       2%          5
d - Freeze                Ice            88%        1d9       1%          1

Your spell library contained the following spells:

 Spells                   Type           Power      Damage    Failure   Level
 Animate Dead             Necr           53%        N/A       1%          4
 Frozen Ramparts          Ice            44%        1d7       6%          3
 Hailstorm                Conj/Ice       16%        3d6       11%         3
 Borgnjor's Vile Clutch   Necr/Erth      16%        N/A       22%         5
 Ice Form                 Ice/Tmut       16%        N/A       36%         4


Dungeon Overview and Level Annotations

Branches:
Dungeon (8/15)             Temple (0/1) D:6
   Lair: D:8-11

Altars:
Ashenzari
Dithmenos
Fedhas
Kikubaaqudgha
Makhleb
Nemelex Xobeh
Qazlal
Ru
Vehumet
Xom
Yredelemnul

Shops:
D:2 :[   D:3 (   D:5 [   D:6 *


Innate Abilities, Weirdness & Mutations

You may rarely emit foul miasma when damaged in melee.
You have somewhat slow reflexes. (EV -5)
Your touch may irresistibly damage your foes and sap their willpower.


Message History

Confirm with . or Enter, or press ? or * to list all spells.
Aiming: Vampiric Draining (safe; 1% risk of failure)
Press: ? - help, Shift-Dir - straight line, f/p - two-headed hydra
Aim: a two-headed hydra (moderately wounded, slow)
You draw life force from the two-headed hydra!
You feel life coursing into your body!
The two-headed hydra is no longer moving slowly.
Casting: Vampiric Draining (safe; 1% risk of failure)
Confirm with . or Enter, or press ? or * to list all spells.
Aiming: Vampiric Draining (safe; 1% risk of failure)
Press: ? - help, Shift-Dir - straight line, f/p - two-headed hydra
Aim: a two-headed hydra (severely wounded)
You draw life force from the two-headed hydra!
You feel life coursing into your body. The two-headed hydra bites you. x2
* * * LOW HITPOINT WARNING * * *
Casting: Vampiric Draining (safe; 1% risk of failure)
Confirm with . or Enter, or press ? or * to list all spells.
Aiming: Vampiric Draining (safe; 1% risk of failure)
Press: ? - help, Shift-Dir - straight line, f/p - two-headed hydra
Aim: a two-headed hydra (severely wounded)
You draw life force from the two-headed hydra.
You feel life coursing into your body.
The two-headed hydra bites you but does no damage.
The two-headed hydra bites you!
* * * LOW HITPOINT WARNING * * *
Casting: Vampiric Draining (safe; 1% risk of failure)
Confirm with . or Enter, or press ? or * to list all spells.
Aiming: Vampiric Draining (safe; 1% risk of failure)
Press: ? - help, Shift-Dir - straight line, f/p - two-headed hydra
Aim: a two-headed hydra (severely wounded)
You draw life force from the two-headed hydra!
You feel life coursing into your body. The two-headed hydra bites you.
* * * LOW HITPOINT WARNING * * *
The two-headed hydra bites you but does no damage.
Casting: Vampiric Draining (safe; 1% risk of failure)
Confirm with . or Enter, or press ? or * to list all spells.
You don't have enough magic to cast this spell.
The two-headed hydra attacks as you move away!
The two-headed hydra bites you!
You die...

#<# #.#...# ##.......##
###.#... #.# #.###.#
##.....## #...####
#.###.###.# ##...## #.#.#...
#.........# ##'## #..#....
#####.######### #.# ##.##...
#...))....# #.# #.#.###
#..######.# #.# ##...#.
#..############## #...#.
#..##..#....@DK.########...#.
#..##.##.....#.)#.......#.###
#.....###'''###+##########...
##.....#.....P~.# ##....
#######.♣.♣.~~P# #.#...
#..♣..P)~# #.#### #.♣.♣..~P#
#.#... #..~..~PP# ##....
####.##### ########...


You could see a two-headed hydra and a kobold brigand.

Vanquished Creatures
  2 dream sheep (D:8)
  2 wyverns
  Eustachio (D:6)
  A steam dragon (D:7)
  An orc warrior (D:7)
  An ice beast (D:7)
  2 black bears
  A centaur (D:6)
  2 phantoms
  5 kobold brigands
  5 bullfrogs
  2 necrophages (D:6)
  2 scorpions
  4 wights (D:7)
  2 howler monkeys
  A gnoll bouda (D:7)
  An orc priest (D:7)
  3 hounds
  Jessica (D:3)
  3 iguanas
  Natasha (thrice) (D:2)
  5 orc wizards
  8 adders
  2 gnolls (D:7)
  A river rat (D:3)
  4 white imps
  3 ufetubi
  5 worms
  4 dart slugs
  5 orcs
  6 endoplasms
  8 giant cockroaches
  5 goblins
  7 hobgoblins
  4 jackals (D:3)
  13 kobolds
  6 quokkas
  4 ball pythons
  A bat (D:3)
  A frilled lizard (D:2)
  5 rats
  A butterfly (D:6)
143 creatures vanquished.

Vanquished Creatures (collateral kills)
  A gnoll (D:7)
  An adder (D:4)
  3 kobolds (D:8)
  2 rats (D:2)
7 creatures vanquished.

Vanquished Creatures (others)
  An orc wizard (D:7)
1 creature vanquished.

Grand Total: 151 creatures vanquished

Notes
Turn   | Place    | Note
-------+----------+-------------------------------------------
     0 | D:1      | xdchan the Demonspawn Necromancer began the quest for the
                  | Orb.
     0 | D:1      | Reached XP level 1. HP: 13/13 MP: 3/3
   271 | D:1      | Gained mutation: Your touch may inflict minor irresistible
                  | damage on your foes. [demonic ancestry]
   271 | D:1      | Reached XP level 2. HP: 19/19 MP: 0/5
   488 | D:1      | Got the Spellbook of Plutonic Variation
   934 | D:2      | Reached skill level 5 in Necromancy
   944 | D:2      | Reached XP level 3. HP: 22/24 MP: 1/6
  1038 | D:2      | Found Hotyesm's Book Boutique.
  1156 | D:2      | Found Weipp's Armour Shop.
  1322 | D:2      | Noticed Natasha
  1331 | D:2      | Killed Natasha
  1332 | D:2      | Reached skill level 1 in Unarmed Combat
  1332 | D:2      | Gained mutation: You may rarely emit foul miasma when
                  | damaged in melee. [demonic ancestry]
  1332 | D:2      | Reached XP level 4. HP: 2/30 MP: 1/8
  1388 | D:2      | Noticed Natasha
  1395 | D:2      | Killed Natasha
  1451 | D:2      | Learned a level 3 spell: Vampiric Draining
  1476 | D:2      | Noticed a scorpion
  1482 | D:2      | Killed a scorpion
  1483 | D:2      | Gained mutation: Your touch may inflict irresistible damage
                  | on your foes. [demonic ancestry]
  1483 | D:2      | Reached XP level 5. HP: 34/35 MP: 2/9
  1567 | D:2      | Noticed Natasha
  1582 | D:2      | Killed Natasha
  2021 | D:3      | Found Exutaot's Weapon Shop.
  2364 | D:3      | Reached skill level 6 in Necromancy
  2413 | D:3      | Noticed Jessica
  2417 | D:3      | Killed Jessica
  2783 | D:3      | Reached XP level 6. HP: 26/41 MP: 9/11
  2966 | D:4      | Found a sacrificial altar of Ru.
  2976 | D:4      | Became a worshipper of Ru the Awakened
  3223 | D:4      | Identified the +0 helmet of Quantum Leap {Dex+5}
  3806 | D:5      | Entered Level 5 of the Dungeon
  4405 | D:5      | Found Suvyluha's Antique Armour Boutique.
  4424 | D:5      | Gained mutation: You have somewhat slow reflexes. (EV -5)
                  | [Ru sacrifice]
  4424 | D:5      | Reached * piety under Ru
  4489 | D:5      | Reached skill level 7 in Necromancy
  4489 | D:5      | Reached XP level 7. HP: 29/47 MP: 13/13
  4497 | D:5      | Learned a level 5 spell: Agony
  4499 | D:5      | Learned a level 1 spell: Freeze
  4628 | D:5      | Identified the +2 plate armour "Zijapsy" {Int+4}
  5261 | D:6      | Found Mueq's General Store.
  5418 | D:6      | Reached skill level 5 in Spellcasting
  5418 | D:6      | Reached skill level 1 in Ice Magic
  5635 | D:6      | Reached skill level 1 in Fighting
  5684 | D:6      | Noticed Eustachio
  5726 | D:6      | Killed Eustachio
  5727 | D:6      | Reached XP level 8. HP: 50/54 MP: 9/16
  5733 | D:6      | Found a staircase to the Ecumenical Temple.
  6292 | D:7      | Reached skill level 8 in Necromancy
  6808 | D:7      | Reached skill level 9 in Necromancy
  7188 | D:7      | Gained mutation: Your touch may irresistibly damage your
                  | foes and sap their willpower. [demonic ancestry]
  7188 | D:7      | Reached XP level 9. HP: 41/59 MP: 7/19
  7679 | D:7      | Found an ancient bone altar of Kikubaaqudgha.
  7679 | D:7      | Found a sparkling altar of Nemelex Xobeh.
  7884 | D:7      | Found a stormy altar of Qazlal.
  7887 | D:7      | Found a shadowy altar of Dithmenos.
  7890 | D:7      | Found a blossoming altar of Fedhas.
  7893 | D:7      | Found a radiant altar of Vehumet.
  7895 | D:7      | Found a shimmering altar of Xom.
  7901 | D:7      | Found a basalt altar of Yredelemnul.
  7903 | D:7      | Found a burning altar of Makhleb.
  7904 | D:7      | Found a broken altar of Ashenzari.
  7980 | D:7      | Fell from the grace of Ru
  7980 | D:7      | Became a worshipper of Vehumet
  9300 | D:8      | Reached skill level 10 in Necromancy
  9468 | D:8      | Noticed a two-headed hydra
  9473 | D:8      | HP: 3/61 [two-headed hydra (11)]
  9485 | D:8      | Slain by a two-headed hydra

Illustrated notes

Levels and vault maps discovered:
D:1:      moated_graveyard_arrival, layout_loops_ring, minivault_5
D:2:      layout_basic, serial_shops, nicolae_diamond_shop, nicolae_shop_trees,
          kennysheep_generic_room_15, uniq_natasha
D:3:      layout_loops_cross, gup_sewer_entry_bubbles, serial_shops,
          nicolae_shop_bloodbath_and_beyond, kennysheep_jessica_study
D:4:      layout_loops_cross, nicolae_ru_sacrificial_ziggurat
D:5:      wander_river, layout_loops_ring, serial_shops, nicolae_square_shop
D:6:      layout_basic, minmay_temple_entry_butterflies, serial_shops, shop,
          uniq_eustachio
D:7:      layout_basic, nicolae_overflow_hallway_of_the_gods
D:8:      nicolae_cairo_tiling, layout_loops_corners,
          chequers_serial_rivers_small_a, hangedman_ranch

Skill      XL: |  1  2  3  4  5  6  7  8  9 |
---------------+----------------------------+-----
Necromancy     | 5 6 7 9 10 | 10.4
Stealth        | 2 |  2.5
Unarmed Combat | 1 |  1.6
Dodging        | 2 3 |  3.1
Spellcasting   | 3 4 5 6 8 |  8.6
Ice Magic      | 2 3 |  3.0
Fighting       | 1 |  1.7
Short Blades   | |  0.4
Staves         | |  0.5

Action                   |  1- 3 |  4- 6 |  7- 9 || total
-------------------------+-------+-------+-------++-------
Melee: Unarmed           |    49 |    10 |       ||    59
       Punch             |     2 |     1 |       ||     3
       Touch             |     9 |     6 |    12 ||    27
       Dagger            |       |    64 |    21 ||    85
       Staff             |       |       |    56 ||    56
 Cast: Necrotise         |    43 |   104 |   137 ||   284
       Vampiric Draining |       |     1 |    24 ||    25
       Freeze            |       |       |    76 ||    76
Invok: Sacrifice Health  |       |     1 |       ||     1
  Use: Potion            |       |     1 |    10 ||    11
Armor: Robe              |     7 |    38 |    79 ||   124
Dodge: Dodged            |    23 |    75 |   105 ||   203

Table legend: (Time is in decaauts)
 A = Elapsed time spent in this place.
 B = Non-inter-level travel time spent in this place.
 C = Inter-level travel time spent in this place.
 D = Time resting spent in this place.
 E = Time spent auto-exploring this place.
 F = Levels seen in this place.
 G = Mean time per level.
                   A        B        C        D        E       F      G
               +--------+--------+--------+--------+--------+-----+--------+
         Total |   9551 |   8507 |   1044 |   1624 |   5658 |   8 | 1193.9 |
       Dungeon |   9551 |   8507 |   1044 |   1624 |   5658 |   8 | 1193.9 |
               +--------+--------+--------+--------+--------+-----+--------+

Top non-repeatable levels by time:
     D:7: 1882 daAuts
     D:8: 1356 daAuts
     D:6: 1245 daAuts
     D:5: 1225 daAuts
     D:2: 1064 daAuts
     D:3: 1008 daAuts
     D:1: 919 daAuts
     D:4: 849 daAuts
